 Dungeon Crawl Stone Soup version 0.29.1-1-gd02db6906a (webtiles) character file.

Game seed: 8280659336646860573

1081 LustLizard the Slasher (level 8, -2/63 HPs)
             Began as a Demonspawn Fighter on Oct 21, 2022.
             Slain by an orc warrior
             ... wielding a +0 vorpal war axe
              (11 damage)
             ... on level 6 of the Dungeon.
             The game lasted 00:06:07 (5729 turns).

LustLizard the Slasher (Demonspawn Fighter)         Turns: 5729, Time: 00:06:08

Health: -2/63      AC: 13    Str: 16    XL:     8   Next: 8%
Magic:  8/8        EV:  4    Int: 10    God:
Gold:   299        SH:  0    Dex: 15    Spells: 7/7 levels left

rFire   . . .      SeeInvis .   a - +0 long sword
rCold   + . .      Faith    .   (no shield)
rNeg    . . .      Spirit   .   C - +0 plate armour
rPois   .          Reflect  .   g - +0 helmet
rElec   .          Harm     .   (no cloak)
rCorr   .          Rampage  .   (no gloves)
Will    .....                   F - +0 pair of boots
Stlth   ..........              (no amulet)
HPRegen 0.20/turn               y - ring of protection from cold
MPRegen 0.11/turn               (no ring)

@: no status effects
A: powered by pain 2, weakness stinger 1, demonic touch 1
a: no special abilities


You were on level 6 of the Dungeon.
You visited 1 branch of the dungeon, and saw 6 of its levels.

You collected 299 gold pieces.

Inventory:

Hand Weapons
 a - a +0 long sword (weapon)
Missiles
 p - 21 stones (quivered)
 s - 12 boomerangs
 A - 7 poisoned darts
 D - 2 javelins
Armour
 b - a +0 scale mail
 c - a +0 buckler
 g - a +0 helmet (worn)
 C - a +0 plate armour (worn)
 F - a +0 pair of boots (worn)
Jewellery
 y - a ring of protection from cold (left hand)
Wands
 u - a wand of iceblast (3)
 v - a wand of mindburst (12)
Scrolls
 e - 2 scrolls of vulnerability
 h - a scroll of magic mapping {unknown}
 i - a scroll of fear {unknown}
 j - 3 scrolls of noise {unknown}
 k - 4 scrolls of identify
 l - 2 scrolls of teleportation
 o - 4 scrolls of blinking
 x - a scroll of fog {unknown}
 z - a scroll of poison {unknown}
 E - 2 scrolls of torment {unknown}
Potions
 d - 3 potions of might
 f - a potion of magic
 m - 2 potions of curing
 n - 3 potions of brilliance
 q - a potion of mutation {unknown}
 r - a potion of degeneration {unknown}
 t - a potion of attraction {unknown}
 w - a potion of flight {unknown}
 B - a potion of heal wounds {unknown}


   Skills:
 + Level 5.5 Fighting
 * Level 6.5 Long Blades
 - Level 4.0 Throwing
 - Level 2.6 Armour
 - Level 2.6 Shields


You had 7 spell levels left.
You didn't know any spells.
Your spell library contained the following spells:

 Spells                   Type           Power      Damage    Failure   Level
 Dazzling Flash           Conj/Hex       0%         N/A       100%        3
 Agony                    Necr           0%         N/A       100%        5
 Fireball                 Conj/Fire      0%         3d3       100%        5
 Silence                  Hex/Air        0%         N/A       100%        5
 Starburst                Conj/Fire      0%         6d3       100%        6
 Ignition                 Fire           0%         3d3       100%        8


Dungeon Overview and Level Annotations

Branches:
Dungeon (6/15)
 Temple: D:4-7

Altars:
Kikubaaqudgha
Uskayaw

Annotations:
D:4 2 transporters


Innate Abilities, Weirdness & Mutations

You sometimes gain power by taking damage.
You have a small tail.
Your touch may inflict minor irresistible damage on your foes.


Message History

You hit the orc priest.
The orc priest is moderately wounded.
The orc priest hits you with a +0 flail!
You barely miss the orc priest.
The orc priest is moderately wounded.
The orc priest calls down the wrath of Beogh upon you.
Beogh smites you!
You hit the orc priest but do no damage.
You tail-slap the orc priest, but do no damage.
You touch the orc priest!
The orc priest is almost dead.
The orc priest completely misses you.
You closely miss the orc priest.
You touch the orc priest.
You kill the orc priest!
You hit the orc warrior.
You touch the orc warrior!
The orc warrior is moderately wounded.
The orc warrior hits you with a +0 vorpal war axe!
You hit the orc warrior. Your touch misses the orc warrior.
The orc warrior is heavily wounded.
The orc warrior hits you with a +0 vorpal war axe!
* * * LOW HITPOINT WARNING * * *
You hit the orc warrior but do no damage.
Your touch misses the orc warrior.
The orc warrior is heavily wounded.
The orc warrior hits you with a +0 vorpal war axe.
* * * LOW HITPOINT WARNING * * *
x2 You feel better.
An orc wizard comes into view. It is wielding a +0 dagger.
The orc warrior hits you with a +0 vorpal war axe.
* * * LOW HITPOINT WARNING * * *
x2 The orc wizard shouts!
You hit the orc warrior but do no damage.
You touch the orc warrior!
The orc warrior is almost dead.
The orc warrior hits you with a +0 vorpal war axe.
* * * LOW HITPOINT WARNING * * *
x2 You hit the orc warrior.
Your touch misses the orc warrior.
The orc warrior is almost dead.
The orc warrior hits you with a +0 vorpal war axe!
You die...

............#.#
.####...#....#
#..#######
#.........
#.########
#....# ####.#
#.# # #@#
#####.#######o#
......o.oo..oo#
......#########
..... .... .o.
.n


o You could see an orc warrior, an orc wizard and an orc.

Vanquished Creatures
  Sigmund (D:2)
  Menkaure (D:4)
  An orc warrior (D:4)
  A necrophage (D:4)
  A scorpion (D:5)
  A howler monkey (D:5)
  A hound (D:5)
  7 orc priests
  Ijyb (D:3)
  4 iguanas (D:5)
  2 orc wizards
  A gnoll (D:3)
  2 adders (D:3)
  An ufetubus (D:4)
  3 worms
  A dart slug (D:2)
  20 orcs
  5 ball pythons
  14 endoplasms
  2 giant cockroaches
  6 goblins
  10 hobgoblins
  2 quokkas (D:3)
  2 bats (D:3)
  4 frilled lizards
  7 kobolds
  4 rats
105 creatures vanquished.

Notes
Turn   | Place    | Note
-------+----------+-------------------------------------------
     0 | D:1      | LustLizard the Demonspawn Fighter began the quest for the
                  | Orb.
     0 | D:1      | Reached XP level 1. HP: 18/18 MP: 1/1
    80 | D:1      | Reached skill level 2 in Long Blades
   239 | D:1      | Discovered your monstrous ancestry.
   239 | D:1      | Gained mutation: You have a small tail. [demonic ancestry]
   239 | D:1      | Reached XP level 2. HP: 17/24 MP: 2/2
   500 | D:1      | Found a faded altar of an unknown god.
   722 | D:2      | Reached skill level 1 in Throwing
  1055 | D:2      | Noticed Sigmund
  1070 | D:2      | Killed Sigmund
  1071 | D:2      | Reached skill level 3 in Long Blades
  1071 | D:2      | Reached XP level 3. HP: 7/30 MP: 3/3
  1071 | D:2      | Reached XP level 4. HP: 8/37 MP: 4/4
  1071 | D:2      | Gained mutation: You sometimes gain a little power by
                  | taking damage. [demonic ancestry]
  1071 | D:2      | Reached XP level 5. HP: 10/42 MP: 5/5
  1829 | D:3      | Noticed Ijyb
  1853 | D:3      | Killed Ijyb
  3049 | D:3      | Gained mutation: Your touch may inflict minor irresistible
                  | damage on your foes. [demonic ancestry]
  3049 | D:3      | Reached XP level 6. HP: 48/48 MP: 6/6
  3063 | D:3      | Reached skill level 4 in Long Blades
  3953 | D:4      | Noticed Menkaure
  3965 | D:4      | HP: 2/48 [Menkaure/nerve-wracking pain (9)]
  3967 | D:4      | Killed Menkaure
  4347 | D:4      | Gained mutation: You sometimes gain power by taking damage.
                  | [demonic ancestry]
  4347 | D:4      | Reached XP level 7. HP: 48/55 MP: 7/7
  4415 | D:4      | Found a transporter.
  4420 | D:4      | Found a transporter.
  4547 | D:4      | Reached skill level 5 in Long Blades
  4816 | D:4      | Found a hide-covered altar of Uskayaw.
  4825 | D:4      | Found an ancient bone altar of Kikubaaqudgha.
  5014 | D:5      | Entered Level 5 of the Dungeon
  5093 | D:5      | Reached skill level 5 in Fighting
  5267 | D:5      | Reached skill level 6 in Long Blades
  5392 | D:5      | Reached XP level 8. HP: 59/63 MP: 8/8
  5729 | D:6      | Slain by an orc warrior

Illustrated notes

Levels and vault maps discovered:
D:1:      dpeg_arrival_tiny_c, layout_rooms, basic_ecumenical_altar
D:2:      layout_loops_ring, uniq_sigmund
D:3:      minmay_recursive_quarters, layout_loops_ring, uniq_ijyb
D:4:      gammafunk_wand_slinger, layout_loops_ring, mainiacjoe_overflow_swirl,
          uniq_menkaure
D:5:      layout_basic
D:6:      layout_basic, kennysheep_mini_moat, temple_fountains, uniq_grinder

Skill      XL: |  1  2  3  4  5  6  7 |
---------------+----------------------+-----
Long Blades    | 2 3 4 6 |  6.5
Throwing       | 2 3 4 |  4.0
Fighting       | 4 5 |  5.5
Armour         | |  2.6
Shields        | |  2.6

Action                   |  1- 3 |  4- 6 |  7- 9 || total
-------------------------+-------+-------+-------++-------
Melee: Long sword        |    67 |   159 |    83 ||   309
       Tailslap          |     7 |    22 |    16 ||    45
       Touch             |       |     5 |    21 ||    26
       Punch             |       |       |     1 ||     1
Throw: Throwing net      |     1 |       |       ||     1
       Stone             |       |    10 |       ||    10
       Boomerang         |       |     5 |       ||     5
  Use: Scroll            |       |     7 |       ||     7
       Potion            |       |     2 |     2 ||     4
 Stab: Held in net/web   |     1 |       |       ||     1
Armor: Scale mail        |    20 |    50 |     7 ||    77
       Plate armour      |       |       |    22 ||    22
Dodge: Dodged            |    21 |    44 |    17 ||    82
Block: Buckler           |     9 |    24 |       ||    33
